cohdb
Replays
Latest Replays
All Replays
Popular Replays
Top Player Replays
Match Explorer
How It Works
Community
CoH3 Stats
Reddit
Sign in to upload your games and track your stats! →
Sign in with Steam
Match 43389072
Unlisted
Match 43389072
Overview
Messages
Build Orders
End
Construct Barracks
Riflemen Squad
1⁄4-ton 4x4 Truck
Selects Heavy Weapons
Riflemen Squad
Grenade Package
Construct Weapon Support Center
Construct Medical Station
Selects M2HB .50cal Heavy Machine Gun
M1919 Machine Gun Team
M1919 Machine Gun Team
Air Support Center
Selects Assault Carriers
M3 Assault Carrier
P-47 Strafing Run
Construct Motor Pool
Engineer Squad
M1918 Browning Automatic Rifles
P-47 Strafing Run
M1 Anti-tank Gun Team
Selects Rapid Reposition
Construct Tank Depot
Selects Exchangeable Parts
M4A1 Sherman Medium Tank
P-47 Strafing Run
Grasshopper Recon Run
Selects Bolstered Team Weapons
Riflemen Squad
Grasshopper Recon Run
Advanced Air Reconnaissance
M4A1 Sherman Medium Tank
M4A1 Sherman Medium Tank
Riflemen Squad
Engineer Squad
M18 Hellcat Tank Destroyer
Grasshopper High-Altitude Recon Run
P-47 Strafing Run
M18 Hellcat Tank Destroyer
POPCORN AND ICE CREAM
criptojudeu
UH|ck
iceman
0
0
Comments
sign in to comment!
No comments posted yet!